 Dungeon Crawl Stone Soup version 0.26-a0-846-gcc8f1ee719 (webtiles) character file.

Game seed: 16183078397967001461

470 marklar909 the Slinger (level 7, 0/46 HPs)
             Began as a Halfling Hunter on Nov 20, 2020.
             Was an Initiate of Okawaru.
             Slain by an adder (2 damage)
             ... on level 4 of the Dungeon.
             The game lasted 00:03:56 (3030 turns).

marklar909 the Slinger (Halfling Hunter)            Turns: 3030, Time: 00:03:57

Health: 0/46       AC:  4    Str: 15    XL:     7   Next: 31%
Magic:  7/7        EV: 14    Int:  9    God:    Okawaru [......]
Gold:   208        SH:  0    Dex: 15    Spells: 6/6 levels left

rFire    . . .     SeeInvis .   a - +2 hunting sling
rCold    . . .     Faith    .   (shield restricted)
rNeg     . . .     Spirit   .   c - +0 leather armour
rPois    .         Reflect  .   h - +0 helmet
rElec    .         Harm     .   (no cloak)
rCorr    .         Rampage  .   (no gloves)
MR       .....                  (no boots)
Stlth    +.........             (no amulet)
HPRegen  0.15/turn              (no ring)
MPRegen  0.10/turn              (no ring)

@: lethally poisoned (0 -> -2), drained
A: small, mutation resistance 1
a: Renounce Religion


You were on level 4 of the Dungeon.
You worshipped Okawaru.
Okawaru was noncommittal.
You visited 2 branches of the dungeon, and saw 5 of its levels.

You collected 208 gold pieces.

Inventory:

Hand Weapons
 a - a +2 hunting sling (weapon)
 b - a +0 short sword
Missiles
 d - 34 sling bullets
 f - 56 stones (quivered)
Armour
 c - a +0 leather armour (worn)
 h - a +0 helmet (worn)
Jewellery
 p - an uncursed ring of protection from magic {unknown}
Scrolls
 e - a scroll of identify
 k - a scroll of enchant armour
 l - a scroll of enchant weapon
 m - 2 scrolls of magic mapping
 o - a scroll of amnesia {unknown}
 s - a scroll of remove curse {unknown}
 t - a scroll of immolation {unknown}
 u - a scroll of blinking {unknown}
 v - a scroll of teleportation {unknown}
Potions
 g - a potion of attraction {unknown}
 i - a potion of magic
 j - a potion of lignification {unknown}
 n - 2 potions of invisibility {unknown}
 q - a potion of heal wounds {unknown}
 r - a potion of curing {unknown}
 w - a potion of mutation {unknown}


   Skills:
 + Level 3.4(2.7) Fighting
 + Level 9.9(9.0) Slings
 + Level 2.4(1.7) Armour
 + Level 2.7(2.0) Dodging
 + Level 1.2(0.6) Stealth


You had 6 spell levels left.
You didn't know any spells.
Your spell library contained the following spells:

 Spells                   Type           Power        Failure   Level
 Blink                    Tloc           N/A          58%         2
 Gell's Gravitas          Tloc           #.........   83%         3
 Lesser Beckoning         Tloc           #.........   83%         3
 Teleport Other           Tloc           #.......     83%         3
 Passage of Golubria      Tloc           N/A          99%         4


Dungeon Overview and Level Annotations

Branches:
Dungeon (4/15)             Temple (1/1) D:4

Altars:
Ashenzari
Dithmenos
Elyvilon
Hepliaklqana
Kikubaaqudgha
Makhleb
Nemelex Xobeh
Okawaru
Qazlal
Sif Muna
Trog
Yredelemnul
Zin


Innate Abilities, Weirdness & Mutations

You are small and have problems with some larger weapons.
You are somewhat resistant to further mutation.


Message History

Unknown command.
As you read the scroll labelled RALEPUGR SEWYP, it crumbles to dust.
It is a scroll of enchant weapon.
Your +1 hunting sling glows red for a moment.
You feel sick. The wight barely misses you.
The adder bites you but does no damage. The wight closely misses you.
Unknown command.
Unknown command.
As you read the scroll labelled DIEDI GIARHUR, it crumbles to dust.
You feel aware of your surroundings.
It was a scroll of magic mapping.
The adder closely misses you. The wight hits you with a +0 scimitar!
* * * LOW HITPOINT WARNING * * *
The wight closely misses you.
Unknown command.
Okay, then.
The adder misses you.
It was a potion of magic.
Magic courses through your body.
* * * LOW HITPOINT WARNING * * *
You feel sick. The adder bites you.
You die...

,,,,*,,***,******,,,**,,,,,**,,**
,,,,*,,***,******,,,*********,,*,
,,,,*,,,,*,,,,,,,,,,*,,,,,,,,,,+,
,,,,*,,,,*,,,,,,,,,,*,,,,,,,,,,*,
,,,,+,,,,*,,,*#######*,,,,,**,,*,
,,,,*,,,**,,,*#.....#*.....#*,,*,
*##**********##.....#,,....#*#+#,
,...###* #...z..#,,....#*..##
,,,....## #..@Sz.#,,,...#,...#
*,,**#..### *######.#####..#*...z
**** *#...# #.#..##.##.##..#*...#
#.⌠.# #.#............#*...#
####...###.#............##..(#
####....).....##'##....##.).((((#
.....⌠..>..⌠....).#....##...)...#
..................#.....#......(#
....###...###.....#..>..#...(...'


You could see 2 wights and an adder.

Vanquished Creatures
  An ogre (D:4)
  A scorpion (D:4)
  2 wights (D:4)
  An orc priest (D:3)
  2 orc wizards (D:3)
  A worker ant (D:4)
  3 gnolls (D:3)
  5 adders
  An ooze (D:3)
  A worm (D:2)
  A dart slug (D:1)
  2 leopard geckos
  10 orcs
  A ball python (D:1)
  9 bats
  2 giant cockroaches (D:2)
  8 goblins
  7 hobgoblins
  2 kobolds
  7 frilled lizards
  4 rats
71 creatures vanquished.

Notes
Turn   | Place    | Note
-------+----------+-------------------------------------------
     0 | D:1      | marklar909 the Halfling Hunter began the quest for the Orb.
     0 | D:1      | Reached XP level 1. HP: 14/14 MP: 1/1
    85 | D:1      | Reached skill level 6 in Slings
   181 | D:1      | Reached XP level 2. HP: 19/19 MP: 2/2
   698 | D:2      | Reached XP level 3. HP: 24/24 MP: 3/3
   845 | D:2      | Reached skill level 7 in Slings
   937 | D:2      | Found a broken altar of Ashenzari.
  1198 | D:2      | Reached skill level 1 in Armour
  1198 | D:2      | Reached XP level 4. HP: 29/29 MP: 4/4
  1733 | D:3      | Reached XP level 5. HP: 34/34 MP: 5/5
  1737 | D:3      | Reached skill level 8 in Slings
  1877 | D:3      | Found a hazy altar of Hepliaklqana.
  1968 | D:3      | Reached XP level 6. HP: 15/41 MP: 6/6
  2362 | D:3      | Found a burning altar of Makhleb.
  2753 | D:4      | Found a staircase to the Ecumenical Temple.
  2757 | D:4      | Noticed an ogre
  2766 | D:4      | Killed an ogre
  2767 | D:4      | Reached skill level 9 in Slings
  2768 | Temple   | Entered the Ecumenical Temple
  2788 | Temple   | Became a worshipper of Warmaster Okawaru
  2825 | D:4      | Reached XP level 7. HP: 46/46 MP: 7/7
  3030 | D:4      | HP: 2/46 [poisoned by an adder]
  3030 | D:4      | Slain by an adder

Illustrated notes

Levels and vault maps discovered:
D:1:      tarquinn_simple_flora_water_a, layout_basic, grunt_decor_mini_mirrors
D:2:      layout_loops_ring, nicolae_ashenzari_panopticon
D:3:      layout_basic, nicolae_overflow_crystal_walls, bloody_makhleb
D:4:      layout_gridville, minmay_temple_entry_junction, minmay_misc_feat_room
Temple:   eino_temple_lava

Skill      XL: |  1  2  3  4  5  6 |
---------------+-------------------+-----
Slings         | 6 7 8 9 |  9.9
Fighting       | 2 3 |  3.4
Armour         | 1 2 |  2.4
Dodging        | |  2.7
Stealth        | |  1.2

Action                   |  1- 3 |  4- 6 |  7- 9 || total
-------------------------+-------+-------+-------++-------
 Fire: Hunting sling     |    76 |   144 |    40 ||   260
  Use: Scroll            |       |       |     3 ||     3
       Potion            |       |       |     1 ||     1
Armor: Leather armour    |     5 |     4 |     4 ||    13
Dodge: Dodged            |    11 |    31 |    14 ||    56

Table legend: (Time is in decaauts)
 A = Elapsed time spent in this place.
 B = Non-inter-level travel time spent in this place.
 C = Inter-level travel time spent in this place.
 D = Time resting spent in this place.
 E = Time spent auto-exploring this place.
 F = Levels seen in this place.
 G = Mean time per level.
                   A        B        C        D        E       F      G
               +--------+--------+--------+--------+--------+-----+--------+
         Total |   2979 |   2846 |    133 |    208 |   2215 |   5 |  595.8 |
       Dungeon |   2949 |   2830 |    119 |    208 |   2202 |   4 |  737.2 |
        Temple |     29 |     15 |     14 |      0 |     13 |   1 |   29.0 |
               +--------+--------+--------+--------+--------+-----+--------+

Top non-repeatable levels by time:
     D:2: 1023 daAuts
     D:3: 1001 daAuts
     D:1: 692 daAuts
     D:4: 233 daAuts
  Temple: 29 daAuts
